 Dungeon Crawl Stone Soup version 0.31-a0-986-g5e6e4ef867 (webtiles) character file.

Game seed: 3037779398385560030

26974 jasper the Fencer (level 13, -1/109 HPs)
             Began as a Human Fighter on Nov 9, 2023.
             Was the Champion of Jiyva.
             Slain by a skyshark (9 damage)
             ... on level 4 of the Lair of Beasts on Nov 10, 2023.
             The game lasted 00:28:16 (8820 turns).

jasper the Fencer (Human Fighter)                   Turns: 8820, Time: 00:28:17

Health: -1/109     AC: 13    Str: 17    XL:     13   Next: 62%
Magic:  13/13      EV: 14    Int:  9    God:    Jiyva [******]
Gold:   267        SH:  8    Dex: 19    Spells: 12/12 levels left

rFire   . . .        t - +2 long sword (heavy)
rCold   + . .        z - +2 buckler
rNeg    . . .        y - +2 scale mail {rPois}
rPois   +            (helmet unavailable)
rElec   .            A - +0 cloak
rCorr   +            (no gloves)
SInv    +            h - +0 pair of boots
Will    +....        (no amulet)
Stlth   +            k - +4 ring of protection
HPRegen 1.98/turn    q - ring of willpower
MPRegen 0.63/turn

%: clarity
@: about to teleport, corroded
A: antennae 3, talons 2, thin skeletal structure 1, clarity, cold resistance 1
a: Renounce Religion, Oozemancy, Slimify


You were on level 4 of the Lair of Beasts.
You worshipped Jiyva.
Jiyva was exalted by your worship.
You visited 2 branches of the dungeon, and saw 15 of its levels.
You also visited: Bailey.

You collected 459 gold pieces.
You spent 192 gold pieces at shops.

Inventory:

Hand Weapons
 a - a +1 long sword of venom
 t - a +2 heavy long sword (weapon)
 F - a +0 dagger of freezing
 J - the +0 war axe "Gram" {antimagic, rF+}
   (You took it off a meliai on level 4 of the Lair of Beasts)

   rF+:       It protects you from fire.
Missiles
 e - 74 stones
 f - 21 poisoned darts (quivered)
 v - a throwing net
 D - 2 javelins
Armour
 b - a +0 scale mail
 c - a +0 buckler
 h - a +0 pair of boots (worn)
 u - a +0 helmet
 x - a +0 pair of boots
 y - a +2 scale mail of poison resistance (worn)
 z - a +2 buckler (worn)
 A - a +0 cloak (worn)
Jewellery
 k - a +4 ring of protection (left hand)
 q - a ring of willpower (right hand)
 w - a ring of protection from fire
 H - a ring of willpower
Wands
 n - a wand of paralysis (11)
 G - a wand of mindburst (2)
Scrolls
 l - 4 scrolls of immolation
 m - a scroll of brand weapon
 r - a scroll of enchant weapon
Potions
 d - 2 potions of might
 g - a potion of cancellation
 i - a potion of attraction
 j - 4 potions of lignification
 o - 2 potions of curing
 s - 2 potions of degeneration
 C - a potion of enlightenment
 I - a potion of mutation
 K - a potion of ambrosia


   Skills:
 + Level 12.6 Fighting
 - Level 15.4 Long Blades
 + Level 8.9 Armour
 + Level 8.2 Dodging
 - Level 4.5 Shields


You had 12 spell levels left.
You didn't know any spells.
Your spell library contained the following spells:

 Spells                   Type           Power      Damage    Failure   Level
 Apportation              Tloc           0%         N/A       82%         1
 Slow                     Hex            0%         N/A       82%         1
 Jinxbite                 Hex            0%         N/A       91%         2
 Confusing Touch          Hex            0%         N/A       99%         3
 Sigil of Binding         Hex            0%         N/A       99%         3
 Vampiric Draining        Necr           0%         2d6       99%         3
 Alistair's Intoxication  Tmut/Pois      0%         N/A       100%        5


Dungeon Overview and Level Annotations

Branches:
Dungeon (10/15)            Temple (0/1) D:4            Lair (5/5) D:10
  Swamp (0/4) Lair:2          Orc (0/2) D:9          Bailey (visited)
  Snake: Lair:2-3    Spider: Lair:2-3     Slime: Lair:4-5

Altars:
Dithmenos
Elyvilon
Fedhas
Hepliaklqana
Makhleb
Nemelex Xobeh
Trog
Uskayaw
Wu Jian
Xom
Zin
The Shining One
Jiyva

Shops:
D:5 [

Annotations:
D:9 1 runed translucent door, AppTheSpectato's ghost, journeyman TrSh


Innate Abilities, Weirdness & Mutations

You have a pair of large antennae on your head. (SInv)
You have razor-sharp toenails.
You have a somewhat thin skeletal structure. (Dex +2, Stealth+)
You possess an exceptional clarity of mind.
Your flesh is cold resistant. (rC+)


Message History

The skyshark tail-slaps you but does no damage.
You take 5 damage, and have 43/109 hp.
You hit the skyshark but do no damage.
The skyshark is moderately wounded.
You feel sick. You block the cane toad's attack.
You block the skyshark's attack.
The skyshark tail-slaps you but does no damage.
The skyshark tail-slaps you.
You take 3 damage, and have 40/109 hp.
You closely miss the skyshark.
The skyshark is moderately wounded.
You feel sick. The cane toad misses you. The skyshark bites you!
* * * LOW HITPOINT WARNING * * *
The skyshark tastes blood and grows stronger!
You block the skyshark's attack. The skyshark completely misses you.
You take 12 damage, and have 28/109 hp.
You feel much better.
You feel sick. You block the cane toad's attack. The skyshark bites you!
The skyshark enters a blood-rage!
You block the skyshark's attack. The skyshark tail-slaps you!
* * * LOW HITPOINT WARNING * * *
The cane toad stings you!!
* * * LOW HITPOINT WARNING * * *
You are lethally poisoned!
The cane toad poisons you!
You take 20 damage, and have 8/109 hp.
Okay, then.
Okay, then.
You feel better. The skyshark bites you.
* * * LOW HITPOINT WARNING * * *
The skyshark closely misses you. The skyshark tail-slaps you.
* * * LOW HITPOINT WARNING * * *
The cane toad barely misses you.
You regained 2 hp, and now have 10/109 hp.
As you read the scroll of teleportation, it crumbles to dust.
You feel strangely unstable. The skyshark bites you.
* * * LOW HITPOINT WARNING * * *
The skyshark barely misses you. The skyshark misses you.
The cane toad stings you but does no damage.
You block the skyshark's attack. The skyshark tail-slaps you!
You die...

...>........##...##
#...........
..♣.♣...>...#....#
###.........
♣...PP♣.........## #.........
.♣...♣..........## ##........
................P# ###.......
.....#####.......##
##.......#. #.#### #.........#
##.{......## ### #......†.l#
##.##{.##...# ###......F@†#
#..#8..8#...#
#.#.......†####............
##..<...............>......
#...............##8..8#....
##......##........##..##....
#.....#.###...........###...
###.....###............#.###..
#..J....###............#.###..
##..J..#.#................##..


You could see a skyshark (berserk) and a cane toad.

Vanquished Creatures
  A death yak (Lair:4)
  A skyshark (Lair:4)
  A bog body (Lair:2)
  7 elephants (Lair:4)
  3 black mambas
  Maurice (D:8)
  2 rime drakes (Lair:4)
  13 cane toads
  Psyche (D:9)
  2 komodo dragons (Lair:4)
  A queen bee (Lair:4)
  2 polar bears (Lair:4)
  3 meliai (Lair:4)
  Prince Ribbit (D:7)
  A troll (D:9)
  3 blink frogs (Lair:4)
  2 hornets
  A shadow (D:9)
  4 fire bats (Lair:2)
  6 yaks (Lair:4)
  6 wyverns
  A basilisk (Lair:4)
  Edmund (D:5)
  8 water moccasins
  An acid dragon (D:9)
  3 ice beasts
  13 orc warriors
  A sky beast (D:6)
  2 black bears (D:10)
  4 ogres
  6 wolves (Lair:4)
  9 centaurs
  A phantom (D:7)
  5 kobold brigands
  3 gnoll sergeants
  7 bullfrogs
  3 scorpions
  32 killer bees
  An electric eel (D:7)
  6 howler monkeys
  3 crimson imps (D:5)
  2 hounds
  Crazy Yiuf (D:7)
  2 iguanas
  Jessica (D:3)
  2 sleepcaps (D:5)
  3 orc wizards
  6 gnolls
  4 adders
  5 shadow imps
  A white imp (D:7)
  2 ufetubi (D:7)
  2 worms (D:2)
  4 dart slugs
  38 orcs
  7 endoplasms (D:2)
  A giant cockroach (D:1)
  3 goblins
  6 hobgoblins
  13 jackals
  3 quokkas
  6 ball pythons
  3 frilled lizards (D:2)
  14 kobolds
  5 rats
306 creatures vanquished.

Vanquished Creatures (collateral kills)
  A lindwurm (Lair:4)
  A killer bee (Lair:4)
2 creatures vanquished.

Vanquished Creatures (others)
  2 orc warriors (Bailey)
  4 centaurs
  A phantom (D:4)
  A kobold brigand (D:9)
  A wight (D:10)
  3 killer bees (Lair:4)
  A crimson imp (D:5)
  A howler monkey (D:8)
  3 orc priests
  22 jellies
  A hound (D:5)
  3 orc wizards
  4 gnolls
  15 orcs
  A goblin (D:4)
  A jackal (D:4)
  A ball python (D:4)
65 creatures vanquished.

Grand Total: 373 creatures vanquished

Notes
Turn   | Place    | Note
-------+----------+-------------------------------------------
     0 | D:1      | jasper the Human Fighter began the quest for the Orb.
     0 | D:1      | Reached XP level 1. HP: 18/18 MP: 1/1
   499 | D:1      | Reached XP level 2. HP: 24/24 MP: 2/2
   597 | D:2      | Reached skill level 3 in Long Blades
   771 | D:2      | Reached XP level 3. HP: 29/29 MP: 3/3
   892 | D:2      | Reached skill level 4 in Long Blades
   892 | D:2      | Reached XP level 4. HP: 31/35 MP: 4/4
  1169 | D:2      | Reached XP level 5. HP: 35/41 MP: 5/5
  1442 | D:3      | Found a faded altar of an unknown god.
  1492 | D:3      | Found a shadowy altar of Dithmenos.
  1545 | D:3      | Reached skill level 5 in Long Blades
  1751 | D:3      | Noticed Jessica
  1768 | D:3      | Killed Jessica
  1868 | D:3      | Found a hide-covered altar of Uskayaw.
  1979 | D:3      | Prayed at the altar of an unknown god.
  1979 | D:3      | Became a worshipper of Jiyva Jenuabet the Shapeless
  1979 | D:3      | Reached * piety under Jiyva
  2055 | D:4      | Reached XP level 6. HP: 45/47 MP: 6/6
  2286 | D:4      | Reached ** piety under Jiyva
  2288 | D:4      | Noticed an ogre
  2299 | D:4      | Killed an ogre
  2300 | D:4      | Reached skill level 6 in Long Blades
  2301 | D:4      | Found a glowing silver altar of Zin.
  2301 | D:4      | Found a glowing golden altar of the Shining One.
  2302 | D:4      | Found a white marble altar of Elyvilon.
  2624 | D:4      | Found a staircase to the Ecumenical Temple.
  2736 | D:4      | Noticed an ogre
  2743 | D:4      | Killed an ogre
  2744 | D:4      | Reached XP level 7. HP: 39/52 MP: 7/7
  2926 | D:5      | Entered Level 5 of the Dungeon
  3012 | D:5      | Reached skill level 7 in Long Blades
  3127 | D:5      | Noticed a hornet
  3134 | D:5      | Paralysed by a hornet for 3 turns
  3144 | D:5      | Killed a hornet
  3145 | D:5      | Reached skill level 8 in Long Blades
  3145 | D:5      | Noticed Edmund
  3163 | D:5      | Killed Edmund
  3164 | D:5      | Reached XP level 8. HP: 53/54 MP: 8/8
  3210 | D:5      | Reached skill level 9 in Long Blades
  3259 | D:5      | Found Maashah's Armour Boutique.
  3277 | D:5      | Bought a +0 pair of boots for 49 gold pieces
  3277 | D:5      | Bought a +1 scale mail of poison resistance for 143 gold
                  | pieces
  3367 | D:5      | Reached *** piety under Jiyva
  3487 | D:5      | Found a shimmering altar of Xom.
  3518 | D:5      | Reached skill level 10 in Long Blades
  3582 | D:5      | Gained mutation: You have sharp toenails. [Jiyva's grace]
  3582 | D:5      | Gained mutation: You have razor-sharp toenails. [Jiyva's
                  | grace]
  3582 | D:5      | Gained mutation: You have claws for feet. [Jiyva's grace]
  3582 | D:5      | Gained mutation: You expend magic power (3 MP) to
                  | strengthen your wands. [Jiyva's grace]
  3695 | D:5      | Reached skill level 15 in Long Blades
  3695 | D:5      | Reached XP level 9. HP: 63/63 MP: 9/9
  3696 | D:5      | Reached XP level 10. HP: 83/83 MP: 10/10
  3750 | D:5      | Found a bloodstained altar of Trog.
  3760 | D:5      | Found a hazy altar of Hepliaklqana.
  3924 | D:6      | Reached **** piety under Jiyva
  4004 | D:6      | Found a burning altar of Makhleb.
  4006 | D:6      | Noticed an Executioner
  4458 | D:7      | Found a blossoming altar of Fedhas.
  4468 | D:7      | Found an ornate altar of the Wu Jian Council.
  4546 | D:7      | Reached skill level 1 in Dodging
  4762 | D:7      | Noticed Prince Ribbit
  4771 | D:7      | Killed Prince Ribbit
  4772 | D:7      | Reached XP level 11. HP: 70/90 MP: 11/11
  4854 | D:7      | Found a runed translucent door.
  4855 | D:7      | Noticed Crazy Yiuf
  4926 | D:7      | Found a sparkling altar of Nemelex Xobeh.
  5040 | D:7      | Reached ***** piety under Jiyva
  5117 | D:7      | Killed Crazy Yiuf
  5337 | D:8      | Found a flagged portal.
  5361 | Bailey   | Entered a bailey
  5727 | Bailey   | Lost mutation: You have claws for feet. [potion of
                  | mutation]
  5727 | Bailey   | Lost mutation: You expend magic power (3 MP) to strengthen
                  | your wands. [potion of mutation]
  5727 | Bailey   | Gained mutation: Armour fits poorly on your strangely
                  | shaped body. [potion of mutation]
  5727 | Bailey   | Gained mutation: You are robust. (+10% HP) [potion of
                  | mutation]
  5826 | Bailey   | Reached skill level 10 in Fighting
  5980 | D:8      | Lost mutation: Armour fits poorly on your strangely shaped
                  | body. [Jiyva's grace]
  5980 | D:8      | Lost mutation: You are robust. (+10% HP) [Jiyva's grace]
  5980 | D:8      | Gained mutation: You possess an exceptional clarity of
                  | mind. [Jiyva's grace]
  5980 | D:8      | Gained mutation: You have a somewhat thin skeletal
                  | structure. (Dex +2, Stealth+) [Jiyva's grace]
  5980 | D:8      | Gained mutation: You have a moderately thin skeletal
                  | structure. (Dex +4, Stealth++) [Jiyva's grace]
  5980 | D:8      | Gained mutation: You have an unnaturally thin skeletal
                  | structure. (Dex +6, Stealth+++) [Jiyva's grace]
  6095 | D:8      | Noticed Maurice
  6097 | D:8      | Paralysed by Maurice for 5 turns
  6123 | D:8      | Something stole a ring of willpower
  6129 | D:8      | Something stole a +2 heavy long sword
  6130 | D:8      | Killed Maurice
  6812 | D:9      | Noticed Psyche
  6815 | D:9      | Noticed a boulder beetle
  6842 | D:9      | Killed Psyche
  6876 | D:9      | Found a runed translucent door.
  6876 | D:9      | Noticed AppTheSpectato's ghost (journeyman TrSh)
  6902 | D:9      | Found a staircase to the Orcish Mines.
  6940 | D:9      | Reached skill level 5 in Armour
  7269 | D:10     | Entered Level 10 of the Dungeon
  7269 | D:10     | Reached ****** piety under Jiyva
  7366 | D:10     | Found a staircase to the Lair.
  7376 | D:14     | Identified the of Awafucky
  7376 | Lair:1   | Entered Level 1 of the Lair of Beasts
  7440 | Lair:2   | Reached XP level 12. HP: 85/99 MP: 12/12
  7487 | Lair:2   | Found a staircase to the Swamp.
  7538 | Lair:4   | Lost mutation: You have an unnaturally thin skeletal
                  | structure. (Dex +6, Stealth+++) [Jiyva's grace]
  7538 | Lair:4   | Lost mutation: You have a moderately thin skeletal
                  | structure. (Dex +4, Stealth++) [Jiyva's grace]
  7538 | Lair:4   | Gained mutation: You have a pair of small antennae on your
                  | head. [Jiyva's grace]
  7538 | Lair:4   | Gained mutation: You have a pair of antennae on your head.
                  | [Jiyva's grace]
  7538 | Lair:4   | Gained mutation: You have a pair of large antennae on your
                  | head. (SInv) [Jiyva's grace]
  7538 | Lair:4   | Gained mutation: Your flesh is cold resistant. (rC+)
                  | [Jiyva's grace]
  7559 | Lair:4   | Reached skill level 5 in Dodging
  8110 | Lair:4   | Reached XP level 13. HP: 102/107 MP: 13/13
  8235 | Lair:4   | Identified the +0 war axe "Gram" {antimagic, rF+}
  8581 | Lair:5   | Identified the "Jofeleh"
  8581 | Lair:5   | Entered Level 5 of the Lair of Beasts
  8820 | Lair:4   | Slain by a skyshark

Illustrated notes

Levels and vault maps discovered:
D:1:      lemuel_arrival_lava_pool, layout_basic, minivault_11
D:2:      minmay_angry_zag, layout_rooms, minmay_misc_feat_plants
D:3:      layout_loops_ring, nicolae_overflow_ecumenical_swirl,
          mainiacjoe_overflow_tiny_flanked, moated_statue, uniq_jessica
D:4:      layout_loops_corners, good_gods_mini_temple, temple_statues
D:5:      layout_loops_ring, amethyst_overflow_temple_binary, led_xom_imps,
          serial_shops, shop, uniq_edmund
D:6:      layout_basic, makhleb_altar_promises_db
D:7:      layout_loops_ring, mainiacjoe_overflow_24_doors,
          nicolae_overflow_squiral, uniq_crazy_yiuf_cottage, uniq_prince_ribbit1
D:8:      layout_gridville, enter_bailey_2, uniq_maurice
D:9:      layout_gridville, kennysheep_orc_monster_closet_entryway,
          gammafunk_ghost_grave, grunt_ministairs_12, minmay_misc_feat_encased,
          uniq_psyche
D:10:     layout_roguey, kennysheep_vampire_church, due_lair_maze_entry_diamond,
          serial_co_window_serial, co_window_paths_a, co_window_cross_1,
          co_window_paths_a, co_window_corner_a, co_window_paths_a,
          co_window_2corner, co_window_of_opportunity_c, co_window_2corner,
          co_window_of_opportunity_b, co_window_corner_b, glass_columns_c,
          glass_columns_c, roderic_roman_lattice, interstate_on_off
Lair:1:   layout_small_grid, beast_lair_carwin_1, uniq_joseph
Lair:2:   layout_gridlike, skrybe_swamp_entry_bodies, serial_rivers,
          chequers_serial_rivers_micro_a, chequers_serial_rivers_large_b,
          chequers_serial_rivers_room_b, chequers_serial_rivers_small_a,
          chequers_serial_rivers_micro_a, chequers_serial_rivers_small_3,
          serial_bayou_pond_c, beast_lair_carwin_3
Lair:3:   minmay_guarded_unrand_snakebite, layout_concentric_octagons,
          guppyfry_snake_entry_island, grunt_megastairs_2,
          infiniplex_staircase_pool_2
Lair:4:   regret_index_wax_grids, layout_hall_layers, grunt_forest_stairs_basic,
          st_stairs_6, cheibrodos_lair_reptile_den
Lair:5:   minmay_lair_end_frog_pond, layout_regular_city, slime_entry_2

Skill      XL: |  1  2  3  4  5  6  7  8  9 10 11 12 13 |
---------------+----------------------------------------+-----
Long Blades    | 3 4 5 6 8 15 | 15.4
Fighting       | 9 10 11 12 | 12.6
Dodging        | 1 4 7 8 |  8.2
Shields        | 4 |  4.5
Armour         | 5 7 8 |  8.9

Action                     |  1- 3 |  4- 6 |  7- 9 | 10-12 | 13-15 || total
---------------------------+-------+-------+-------+-------+-------++-------
  Melee: Long sword        |    70 |   159 |   112 |   610 |   182 ||  1133
         Kick              |       |       |       |    75 |       ||    75
  Throw: Stone             |     3 |       |     5 |       |       ||     8
         Dart              |       |       |     3 |    15 |       ||    18
    Use: Scroll            |     2 |     9 |     2 |     6 |     2 ||    21
         Potion            |       |       |     4 |     6 |     2 ||    12
   Stab: Sleeping          |       |       |       |     6 |       ||     6
         Distracted        |       |       |       |     1 |       ||     1
 Armour: Scale mail        |    51 |   108 |    65 |   566 |   243 ||  1033
         Skin              |       |       |    15 |     4 |       ||    19
  Dodge: Dodged            |    37 |    80 |    39 |   371 |   197 ||   724
  Block: Buckler           |    14 |    46 |    25 |   262 |   153 ||   500

Table legend: (Time is in decaauts)
 A = Elapsed time spent in this place.
 B = Non-inter-level travel time spent in this place.
 C = Inter-level travel time spent in this place.
 D = Time resting spent in this place.
 E = Time spent auto-exploring this place.
 F = Levels seen in this place.
 G = Mean time per level.
                   A        B        C        D        E       F      G
               +--------+--------+--------+--------+--------+-----+--------+
         Total |   8812 |   8497 |    315 |    199 |   5705 |  16 |  550.8 |
       Dungeon |   6755 |   6462 |    293 |     60 |   4911 |  10 |  675.5 |
          Lair |   1479 |   1457 |     22 |     97 |    608 |   5 |  295.8 |
        Bailey |    577 |    577 |      0 |     42 |    186 |   1 |  577.0 |
               +--------+--------+--------+--------+--------+-----+--------+

Top non-repeatable levels by time:
  Lair:4: 1276 daAuts
     D:4: 948 daAuts
     D:5: 936 daAuts
     D:9: 915 daAuts
     D:2: 791 daAuts
     D:7: 692 daAuts
     D:3: 681 daAuts
  Bailey: 577 daAuts
     D:6: 568 daAuts
     D:8: 567 daAuts
     D:1: 559 daAuts
  Lair:2: 134 daAuts
    D:10: 94 daAuts
  Lair:5: 44 daAuts
  Lair:1: 12 daAuts
